Match 46533068
Unlisted

Match 46533068
End
Panzergrenadier Squad
Kradschützen Motorcycle Team
Panzergrenadier Squad
Construct Light Support Kompanie
Fire Support Elements
le.IG 18 Support Gun Team
Assault Mechanized Group
Flakvierling Half-track
Vehicle Survival Package
Construct Mechanized Kompanie
2.5-tonne Medical Truck
StuG III D Assault Gun
Pak 38 Mechanized Group
Marder III Tank Destroyer
Panzerpioneer Squad
Emergency Repair Kits
Construct Panzerarmee Kommand
Assault Mechanized Group
Walking Stuka Rocket Launcher
Panzer III L Medium Tank
Selects Armored Support Battlegroup
Selects Veteran Gunners
Sad Pepe
30cm
0
0

Comments sign in to comment!

No comments posted yet!